 Dungeon Crawl Stone Soup version 0.30.1-9-gdf580d7c3d (webtiles) character file.

Game seed: 15204940356138729027

63 lonewolfV2 the Trooper (level 3, -2/30 HPs)
             Began as a Demonspawn Chaos Knight on Oct 24, 2023.
             Was a Plaything of Xom.
             Slain by Sigmund
             ... wielding a +0 scythe
              (6 damage)
             ... on level 3 of the Dungeon.
             The game lasted 00:03:22 (1746 turns).

lonewolfV2 the Trooper (Demonspawn Chaos Knight)    Turns: 1746, Time: 00:03:23

Health: -2/30      AC:  6    Str: 14    XL:     3   Next: 89%
Magic:  3/3        EV: 11    Int: 15    God:    Xom [..*...]
Gold:   51         SH:  0    Dex: 12    Spells: 2/2 levels left

rFire   . . .        a - +0 hand axe (chaos)
rCold   . . .        (no shield)
rNeg    . . .        b - +2 leather armour
rPois   .            (no helmet)
rElec   .            (no cloak)
rCorr   .            h - +0 pair of gloves
SInv    .            (no boots)
Will    .....        (no amulet)
Stlth   +            (no ring)
HPRegen 0.25/turn    (no ring)
MPRegen 0.08/turn

%: no passive effects
@: no status effects
A: hooves 1, big brain 1
a: Renounce Religion


You were on level 3 of the Dungeon.
You worshipped Xom.
You were a toy of Xom.
You visited 1 branch of the dungeon, and saw 3 of its levels.

You collected 51 gold pieces.

Inventory:

Hand Weapons
 a - a +0 hand axe of chaos (weapon)
Armour
 b - a +2 leather armour (worn)
 h - a +0 pair of gloves (worn)
Scrolls
 f - a scroll of fog {unknown}
Potions
 d - a potion of haste {unknown}
 e - 2 potions of brilliance {unknown}
Miscellaneous
 c - a piece from Xom's chessboard (15/15) (quivered)


   Skills:
 * Level 4.2 Fighting
 + Level 3.3 Axes
 - Level 1.8 Armour
 - Level 1.0 Dodging


You had 2 spell levels left.
You didn't know any spells.
Your spell library was empty.

Dungeon Overview and Level Annotations

Branches:
Dungeon (3/15)

Altars:
Hepliaklqana
Yredelemnul

Shops:
D:1 ([=:

Annotations:
D:3 Sigmund


Innate Abilities, Weirdness & Mutations

You have large cloven feet.
You have an unusually large brain. (Int +2)


Message History

There is an open door here.
The orc shouts! x2; The orc priest shouts!
You hear Xom's avuncular chuckle.
The orc priest suddenly stops moving!
Xom's power touches on your mind for a moment.
Sigmund looks rather confused.
The kobold looks rather confused.
The orc looks rather confused. x2; The orc priest looks rather confused.
There is an open door here.
The kobold cries.
The orc seems less confused.
Sigmund enters a dispersal trap!
The kobold blinks!
The orc blinks! x2; You blink.
The orc enters a dispersal trap!
The orc blinks!
The orc priest blinks!
Sigmund blinks!
You blink.
The orc blinks!
The orc priest is no longer paralysed.
Sigmund mumbles some strange words.
Sigmund flickers and vanishes!
Deactivating autopickup; reactivate with Ctrl-A.
You see here a +0 hand axe.
The orc hits you but does no damage.
You hit the orc. You kick the orc.
You kill the orc!
You closely miss the orc priest.
The orc priest hits you with a +0 morningstar.
You barely miss the orc priest. Your punch misses the orc priest.
Something hits you!
The orc priest invokes the aid of Beogh against you.
Beogh smites you!
You hit the orc priest but do no damage.
Something hits you but does no damage. The orc priest barely misses you.
You closely miss the orc priest. The orc priest closely misses you.
Something hits you.
* * * LOW HITPOINT WARNING * * *
You hit the orc priest.
The orc priest seems to grow stronger.
The orc priest is moderately wounded.
The orc priest hits you with a +0 morningstar.
* * * LOW HITPOINT WARNING * * *
You hit the orc priest. You kick the orc priest.
The orc priest is almost dead.
Something hits you.
You die...

#.#
########.#######
#..............#
#.#####...####.#
###.####.....#
#.....###.o.##
#.###.....#
##.##
#.........# #o#
#####††...# #@#
#........# #.#
##.######## #.#
##..# #.# ##..##
#.# #...# #.#
#.§.# #.#
#§..#### #.#
.._....# ##.##


You could see an orc priest (strong) and an orc.

Vanquished Creatures
  An adder (D:2)
  A dart slug (D:1)
  2 orcs (D:3)
  9 endoplasms
  2 giant cockroaches
  2 goblins (D:1)
  4 hobgoblins
  6 jackals
  4 kobolds
  2 quokkas (D:1)
  3 ball pythons
  4 bats
  2 frilled lizards
  4 rats (D:1)
46 creatures vanquished.

Notes
Turn   | Place    | Note
-------+----------+-------------------------------------------
     0 | D:1      | lonewolfV2 the Demonspawn Chaos Knight began the quest for
                  | the Orb.
     0 | D:1      | Reached XP level 1. HP: 18/18 MP: 1/1
    13 | D:1      | Found Cekucios's Weapon Shop.
    22 | D:1      | Reached skill level 1 in Dodging
   129 | D:1      | Gained mutation: You have large cloven feet. [demonic
                  | ancestry]
   129 | D:1      | Reached XP level 2. HP: 20/24 MP: 2/2
   141 | D:1      | XOM: divination: magic mapping
   270 | D:1      | Found Laufebui's Book Shop.
   272 | D:1      | XOM: silly message
   315 | D:1      | Found Vosawux's Antique Armour Boutique.
   341 | D:1      | XOM: 1-stop teleportation journey
   641 | D:1      | Found Ciuch's Jewellery Shop.
   717 | D:1      | XOM: noise
   858 | D:2      | Gained mutation: You have an unusually large brain. (Int
                  | +2) [demonic ancestry]
   858 | D:2      | Reached XP level 3. HP: 30/30 MP: 3/3
   888 | D:2      | Reached skill level 4 in Fighting
  1052 | D:2      | Found a basalt altar of Yredelemnul.
  1096 | D:2      | XOM: noise
  1635 | D:3      | Found a hazy altar of Hepliaklqana.
  1659 | D:3      | XOM: silly message
  1721 | D:3      | Noticed Sigmund
  1723 | D:3      | XOM: enchant monster (good)
  1724 | D:3      | XOM: confuse monster(s)
  1746 | D:3      | Slain by Sigmund

Illustrated notes

Levels and vault maps discovered:
D:1:      elethiomel_arrival_shortcut, layout_loops_ring, serial_shops,
          nicolae_shop_window_shopping, shop, shop, shop
D:2:      layout_basic, basic_altar, grunt_decor_one_mirror
D:3:      layout_loops_corners, mainiacjoe_overflow_tiny_flanked,
          hellmonk_ecumenical_altar_the_god_not_taken, uniq_terence,
          uniq_grinder, uniq_sigmund

Skill      XL: |  1  2  3 |
---------------+----------+-----
Dodging        | 1 |  1.0
Axes           | 3 |  3.3
Fighting       | 4 |  4.2
Armour         | |  1.8

Action                     || total
---------------------------++-------
  Melee: Hand axe          ||   114
         Kick              ||    21
         Punch             ||     1
    Use: Scroll            ||     4
 Armour: Leather armour    ||    39
  Dodge: Dodged            ||    86
